 Dungeon Crawl Stone Soup version 0.29-a0-334-gb41bcbb86e (webtiles) character file.

Game seed: 16138315769224455163

1010 Jortsu the Cudgeller (level 8, 0/78 HPs)
             Began as a Troll Fighter on Apr 15, 2022.
             Was a Priest of Qazlal.
             Slain by a sky beast (6 damage)
             ... on level 5 of the Dungeon.
             The game lasted 00:06:10 (3213 turns).

Jortsu the Cudgeller (Troll Fighter)                Turns: 3213, Time: 00:06:10

Health: 0/78       AC:  5    Str: 27    XL:     8   Next: 1%
Magic:  7/7        EV: 10    Int:  4    God:    Qazlal [***...]
Gold:   268        SH:  9    Dex:  9    Spells: 7/7 levels left

rFire   . . .      SeeInvis .   d - +0 giant club
rCold   . . .      Faith    .   (shield currently unavailable)
rNeg    . . .      Spirit   .   b - +1 robe
rPois   .          Reflect  +   (helmet restricted)
rElec   .          Harm     .   (no cloak)
rCorr   .          Rampage  .   (gloves unavailable)
Will    .....                   (boots unavailable)
Stlth   +.........              m - amulet of reflection
HPRegen 1.03/turn               (no ring)
MPRegen 0.10/turn               (no ring)

@: no status effects
A: large, unfitting armour, claws 3, regeneration 1, shaggy fur 1, tough skin 1
a: Renounce Religion, Upheaval, Elemental Force


You were on level 5 of the Dungeon.
You worshipped Qazlal.
Qazlal was most pleased with you.
You visited 1 branch of the dungeon, and saw 5 of its levels.

You collected 268 gold pieces.

Inventory:

Hand Weapons
 a - a +1 flail of flaming
 d - a +0 giant club (weapon)
Armour
 b - a +1 robe (worn)
 c - a +0 kite shield
Jewellery
 m - an amulet of reflection (around neck)
Wands
 e - a wand of acid (12)
 f - a wand of flame (14)
Scrolls
 i - 2 scrolls of vulnerability
 p - a scroll of holy word
 r - a scroll of torment {unknown}
Potions
 g - a potion of mutation
 h - 4 potions of haste
 j - a potion of curing
 k - a potion of magic
 l - a potion of cancellation {unknown}
 n - 2 potions of attraction {unknown}
 o - a potion of lignification {unknown}
 q - a potion of berserk rage {unknown}


   Skills:
 + Level 4.0 Fighting
 + Level 5.4 Maces & Flails
 + Level 3.8 Dodging
 + Level 0.7 Stealth
 + Level 4.5 Shields
 + Level 0.1 Invocations


You had 7 spell levels left.
You didn't know any spells.
Your spell library contained the following spells:

 Spells                   Type           Power      Damage    Failure   Level
 Pain                     Necr           0%         1d4       50%         1
 Static Discharge         Conj/Air       0%         N/A       65%         2
 Agony                    Necr           0%         N/A       100%        5
 Excruciating Wounds      Necr           0%         N/A       100%        5
 Lightning Bolt           Conj/Air       0%         1d11      100%        5
 Maxwell's Capacitive Co  Air            0%         ∞         100%        8


Dungeon Overview and Level Annotations

Branches:
Dungeon (5/15)
 Temple: D:4-7

Altars:
Nemelex Xobeh
Qazlal
Yredelemnul

Shops:
D:2 [   D:4 (


Innate Abilities, Weirdness & Mutations

You are too large for most types of armour.
You have claws for hands.
Your natural rate of healing is unusually fast.
You are covered in fur. (AC +1)
You have tough skin. (AC +1)


Message History

You block the ogre's attack.
A sky beast comes into view.
The phantom hits you.
The phantom blinks!
You blink.
The sky beast moves out of view.
You closely miss the phantom.
The phantom is almost destroyed.
The phantom hits you.
You closely miss the phantom.
The phantom is almost destroyed.
You hear a shout!
You block the phantom's attack. The phantom hits you.
You sock the phantom!
You destroy the phantom!
Qazlal accepts your kill.
A gnoll comes into view. It is wielding a +0 club.
Your Fighting skill increases to level 4!
You have reached level 8!
The sky beast flickers out of sight!
Deactivating autopickup; reactivate with Ctrl-A.
The ogre attacks as you move away!
The ogre hits you with a +0 giant club!!
Something hits you. Something shocks you.
There is a stone staircase leading up here.
You sock the ogre!
The ogre is severely wounded.
The ogre hits you with a +0 giant club!!
You hit the ogre.
The ogre is severely wounded.
The ogre hits you with a +0 giant club!!
* * * LOW HITPOINT WARNING * * *
You sock the ogre!
You kill the ogre!
Qazlal accepts your kill.
A sky beast appears from thin air!
Reactivating autopickup.
The sky beast hits you.
* * * LOW HITPOINT WARNING * * *
The sky beast shocks you.
You die...

.## .. ## .# ##. .#. #.#
#..# ### ##.# #.# ...# .
####.####..# #.# ... #'.
#..........# #.# ..#.. #
##.......##.## #.##...
#####.........#.@#
#.#r.#
.....##.......g#Y###.#.#
..#####.........r.##.#§#
..## ##..........##.#.#
# ...##
#............g..##.#
....#
##........###.##.Y.#
....#
#........##...#§.#...#
#####
##.......##.⌠.#.... ...
#.......##...#....# #


You could see a sky beast, a gnoll and a quokka.

Vanquished Creatures
  An acid dragon (D:5)
  2 ice beasts (D:5)
  A sky beast (D:5)
  2 ogres (D:5)
  A phantom (D:5)
  A necrophage (D:5)
  A jelly (D:5)
  A gnoll shaman (D:5)
  An iguana (D:5)
  Natasha (D:2)
  2 orc wizards
  9 gnolls
  6 adders
  An ufetubus (D:5)
  2 worms (D:3)
  2 dart slugs
  9 orcs
  6 bats
  4 endoplasms
  2 giant cockroaches
  11 goblins
  9 hobgoblins
  3 quokkas
  7 ball pythons
  2 frilled lizards
  8 kobolds
  4 rats
99 creatures vanquished.

Notes
Turn   | Place    | Note
-------+----------+-------------------------------------------
     0 | D:1      | Jortsu the Troll Fighter began the quest for the Orb.
     0 | D:1      | Reached XP level 1. HP: 22/22 MP: 0/0
    86 | D:1      | Found a faded altar of an unknown god.
   124 | D:1      | Prayed at the altar of an unknown god.
   124 | D:1      | Became a worshipper of Qazlal Stormbringer
   124 | D:1      | Reached * piety under Qazlal
   131 | D:1      | Reached skill level 2 in Maces & Flails
   142 | D:1      | Reached XP level 2. HP: 29/29 MP: 1/1
   582 | D:1      | Reached XP level 3. HP: 35/36 MP: 2/2
  1041 | D:2      | Noticed Natasha
  1046 | D:2      | Killed Natasha
  1047 | D:2      | Reached XP level 4. HP: 32/44 MP: 3/3
  1050 | D:2      | Found Oklar's Armour Emporium.
  1194 | D:2      | Reached ** piety under Qazlal
  1672 | D:3      | Reached skill level 3 in Maces & Flails
  1947 | D:3      | Reached XP level 5. HP: 53/53 MP: 4/4
  2331 | D:4      | Found Ipnunnakh's Weapon Boutique.
  2367 | D:4      | Reached *** piety under Qazlal
  2645 | D:5      | Entered Level 5 of the Dungeon
  2670 | D:5      | Noticed an ice beast
  2671 | D:5      | Noticed an acid dragon
  2693 | D:5      | Killed an ice beast
  2694 | D:5      | Reached skill level 4 in Maces & Flails
  2694 | D:5      | Reached XP level 6. HP: 37/61 MP: 2/5
  2694 | D:5      | Killed an acid dragon
  2757 | D:5      | Reached XP level 7. HP: 67/67 MP: 6/6
  3037 | D:5      | Reached skill level 5 in Maces & Flails
  3072 | D:5      | Found a sparkling altar of Nemelex Xobeh.
  3081 | D:5      | Found a basalt altar of Yredelemnul.
  3207 | D:5      | Reached XP level 8. HP: 70/78 MP: 7/7
  3213 | D:5      | Slain by a sky beast

Illustrated notes

Levels and vault maps discovered:
D:1:      saegor_arrival_miasma, layout_basic, basic_ecumenical_altar
D:2:      layout_basic, serial_shops, nicolae_square_shop, uniq_natasha
D:3:      cheibrodos_greedy_goblins, layout_basic
D:4:      layout_cave_pools, serial_shops, nicolae_shop_bloodbath_and_beyond,
          patterned_corridor
D:5:      layout_cave_pods, nicolae_ru_great_annihilating_truth,
          lemuel_coloured_pillars_altar, mainiacjoe_overflow_large_starburst,
          elyvilon_altar_1, mainiacjoe_overflow_swirl, grunt_ministairs_1,
          kennysheep_nub, minmay_fractal_squares_diagonal_5

Skill      XL: |  1  2  3  4  5  6  7 |
---------------+----------------------+-----
Maces & Flails | 2 3 4 5 |  5.4
Shields        | 3 4 |  4.5
Dodging        | 3 |  3.8
Fighting       | 3 4 |  4.0
Stealth        | |  0.7
Invocations    | |  0.1

Action                   |  1- 3 |  4- 6 |  7- 9 || total
-------------------------+-------+-------+-------++-------
Melee: Flail             |    54 |   144 |       ||   198
       Giant club        |       |       |    93 ||    93
Invok: Upheaval          |       |     1 |       ||     1
  Use: Scroll            |     3 |    10 |       ||    13
       Potion            |       |     1 |       ||     1
Armor: Robe              |    29 |    38 |    26 ||    93
Dodge: Dodged            |    20 |    47 |    44 ||   111
Block: Kite shield       |    29 |   136 |       ||   165
       Other             |       |       |    57 ||    57

Table legend: (Time is in decaauts)
 A = Elapsed time spent in this place.
 B = Non-inter-level travel time spent in this place.
 C = Inter-level travel time spent in this place.
 D = Time resting spent in this place.
 E = Time spent auto-exploring this place.
 F = Levels seen in this place.
 G = Mean time per level.
                   A        B        C        D        E       F      G
               +--------+--------+--------+--------+--------+-----+--------+
         Total |   3321 |   3253 |     68 |    308 |   2050 |   5 |  664.2 |
       Dungeon |   3321 |   3253 |     68 |    308 |   2050 |   5 |  664.2 |
               +--------+--------+--------+--------+--------+-----+--------+

Top non-repeatable levels by time:
     D:1: 877 daAuts
     D:2: 767 daAuts
     D:3: 635 daAuts
     D:5: 605 daAuts
     D:4: 435 daAuts
